 Dungeon Crawl Stone Soup version 0.25-a0-578-gc91f01c39c (webtiles) character file.

Game seed: 7890849155931472308, levelgen mode: deterministic

66011 Flugslaktarn the Severer (level 14, -1/133 HPs)
             Began as a Deep Dwarf Fighter on Mar 3, 2020.
             Was the Champion of Makhleb.
             Slain by a demonic crawler (3 damage)
             ... led by a torpor snail
             ... on level 4 of the Spider Nest.
             The game lasted 00:11:41 (13975 turns).

Flugslaktarn the Severer (Deep Dwarf Fighter)      Turns: 13975, Time: 00:11:42

Health: -1/133     AC: 23    Str: 24    XL:     14   Next: 77%
Magic:  4/4        EV:  7    Int: 10    God:    Makhleb [******]
Gold:   1051       SH: 13    Dex: 12    Spells: 13/13 levels left

rFire    + . .     SeeInvis +   G - +3 broad axe
rCold    + . .     Gourm    .   K - +0 kite shield
rNeg     + . .     Faith    .   n - +2 plate armour {rF+}
rPois    +         Spirit   .   B - +2 helmet
rElec    .         Reflect  .   (no cloak)
rCorr    .         Harm     .   (no gloves)
MR       +++..                  (no boots)
Stlth    ..........             (no amulet)
HPRegen  0.00/turn              g - ring of protection from cold
MPRegen  0.09/turn              o - ring of poison resistance

@: mighty, non-regenerating, slowed, very slow
A: damage resistance, heal wounds, thin metallic scales 1, see invisible,
deterioration 1, magic resistance 1, negative energy resistance 1, sense
surroundings 2, no regeneration
a: Heal Wounds, Minor Destruction, Lesser Servant of Makhleb, Major Destruction,
Greater Servant of Makhleb, Renounce Religion


You were on level 4 of the Spider Nest.
You worshipped Makhleb.
Makhleb was exalted by your worship.
You were not hungry.

You visited 4 branches of the dungeon, and saw 23 of its levels.
You also visited: Sewer.

You collected 1051 gold pieces.

Inventory:

Hand Weapons
 a - a +1 war axe
 G - a +3 broad axe (weapon)
   (You found it on level 15 of the Dungeon)
Missiles
 m - 3 throwing nets (quivered)
Armour
 l - a +0 plate armour
   (You found it on level 3 of the Dungeon)
 n - a +2 plate armour of fire resistance (worn)
   (You found it on level 10 of the Dungeon)
 B - a +2 helmet (worn)
   (You took it off Robin on level 2 of the Dungeon)
 K - a +0 kite shield (worn)
Jewellery
 c - an uncursed ring of protection from cold
   (You took it off a vampire on level 10 of the Dungeon)
 g - a ring of protection from cold (left hand)
   (You found it on level 7 of the Dungeon)
 k - an uncursed ring of resist corrosion
   (You found it on level 2 of the Dungeon)
 o - a ring of poison resistance (right hand)
   (You found it on level 7 of the Dungeon)
 s - an uncursed ring of protection from cold
   (You found it on level 10 of the Dungeon)
 y - an uncursed amulet of harm
   (You found it on level 6 of the Dungeon)
Wands
 j - a wand of paralysis (10)
   (You found it on level 5 of the Dungeon)
Scrolls
 r - 3 scrolls of identify
 t - 7 scrolls of teleportation
 v - 2 scrolls of fog
 x - 3 scrolls of remove curse
 z - a scroll of blinking
 E - 2 scrolls of immolation
 F - 2 scrolls of enchant armour
Potions
 b - 2 potions of magic
 f - 3 potions of flight
 h - a potion of haste
 i - 2 potions of invisibility
 q - a potion of curing
 u - 2 potions of cancellation
 w - a potion of heal wounds
 A - 3 potions of lignification
 C - 2 potions of brilliance
 H - 2 potions of stabbing
 I - a potion of mutation
 J - a potion of berserk rage
Comestibles
 e - 43 rations


   Skills:
 + Level 10.6 Fighting
 * Level 16.5 Axes
 + Level 12.4 Armour
 + Level 12.4 Shields
 + Level 12.2 Invocations


You had 13 spell levels left.
You didn't know any spells.
Your spell library was empty.

Dungeon Overview and Level Annotations

Branches:
Dungeon (15/15)            Temple (1/1) D:7            Lair (3/6) D:10
 Spider (4/4) Lair:3          Orc (0/2) D:11         Vaults (0/5) D:13
 Depths (0/5) D:15          Sewer (visited)
  Swamp: Lair:2-4    Shoals: Lair:2-4

Altars:
Ashenzari
Cheibriados
Dithmenos
Elyvilon
Fedhas
Gozag
Kikubaaqudgha
Makhleb
Nemelex Xobeh
Okawaru
Qazlal
Ru
Sif Muna
Uskayaw
Vehumet
Wu Jian
Xom
Yredelemnul
Zin
The Shining One

Shops:
D:9 (   D:12 :(

Annotations:
Lair:2 2 transporters, Tahy's ghost, journeyman FoEE


Innate Abilities, Weirdness & Mutations

You are resistant to damage.
You can heal yourself by infusing magical energy.
You resist negative energy. (rN+)
You passively map the area around you.
You do not regenerate.
You are partially covered in thin metallic scales. (AC +2)
You have supernaturally acute eyesight. (SInv)
Your body sometimes deteriorates upon taking damage.
You are resistant to hostile enchantments. (MR+)


Message History

The torpor snail bites you but does no damage.
You are too injured to fight recklessly!
The web tears apart.
The demonic crawler hits you but does no damage.
You block the demonic crawler's attack. The demonic crawler hits you.
* * * LOW HITPOINT WARNING * * *
You block the demonic crawler's attack. The demonic crawler hits you.
The demonic crawler completely misses you.
The torpor snail bites you!
* * * LOW HITPOINT WARNING * * *
You slash the torpor snail!
The torpor snail is severely wounded.
You slash the demonic crawler!
You are no longer poisoned.
You block the demonic crawler's attack. x2
The demonic crawler hits you but does no damage.
The torpor snail bites you.
* * * LOW HITPOINT WARNING * * *
You block the demonic crawler's attack. The demonic crawler hits you!
You die...

, , * *.......# ,
, ,^ ......# ,, ,
,* .....# ,, * ..
, ....# , , ,
.^.###%..# ,,
...#...^s#
.^...##..^^s.sw# *
.....#...#....@#
*##.......[......#
#........#...%..#
##.##..^...%##..#
#.....^^.....#^^#
##............#.#
#...........<..^#
#.#....#........#
#......###.)...#


You could see a torpor snail, a demonic crawler, an orb spider and a jumping
spider.

Vanquished Creatures
  A frost giant (D:10)
  An ironheart preserver (D:13)
  An entropy weaver (Spider:2)
  2 yaktaur captains
  A rakshasa (D:15)
  2 hydras
  4 two-headed ogres
  2 centaur warriors
  A catoblepas (D:14)
  A tengu warrior (D:14)
  An ogre mage (D:15)
  6 skeletal warriors
  4 unseen horrors
  Pikel (D:5)
  4 orb spiders
  11 wolf spiders
  14 ugly things
  5 cyclopes
  A cyclops (shapeshifter) (D:14)
  A deep elf mage (D:13)
  A manticore (D:10)
  A black mamba (Lair:2)
  Psyche (D:8)
  A spiny frog (shapeshifter) (D:13)
  3 gargoyles
  2 spiny frogs
  5 komodo dragons
  3 kobold demonologists
  A demonic crawler (Spider:4)
  A freezing wraith (D:14)
  A yaktaur (D:10)
  A queen bee (D:10)
  7 trolls
  8 jumping spiders
  A merfolk (D:13)
  3 hornets
  5 blink frogs (Lair:2)
  4 slime creatures (D:14)
  A meliai zombie (D:15)
  9 hippogriffs
  18 redbacks
  6 tarantellas
  2 shadows
  3 wyverns
  2 wraiths
  20 yaks
  Sigmund (D:2)
  3 vampire mosquitoes
  A basilisk (D:15)
  2 vampires
  A hungry ghost (D:14)
  Edmund (D:4)
  3 water moccasins (Lair:2)
  5 orc warriors
  7 porcupines
  3 black bears
  2 sky beasts
  Purgy (Sewer)
  5 necrophages
  2 phantoms
  8 ogres
  4 slaves (D:5)
  6 wolves (Lair:2)
  18 centaurs
  3 crocodiles (Lair:2)
  5 big kobolds
  4 bullfrogs
  A wyvern zombie (D:10)
  A water moccasin zombie (D:5)
  2 wyvern skeletons (D:9)
  9 scorpions
  A water moccasin skeleton (D:7)
  19 killer bees (D:10)
  3 wights (D:8)
  An electric eel (D:7)
  11 crimson imps
  A bullfrog zombie (D:12)
  3 centaur skeletons
  2 centaur zombies
  6 orc priests
  9 hounds
  7 jellies
  A bullfrog skeleton (D:5)
  4 iguanas
  11 orc wizards
  5 hell rats (Lair:2)
  8 worker ants
  A hound skeleton (D:8)
  2 worker ant zombies
  Robin (D:2)
  15 gnolls
  3 howler monkey skeletons
  14 adders
  3 shadow imps
  An adder zombie (D:7)
  2 adder skeletons (D:5)
  2 worms
  2 leopard geckos
  40 orcs
  8 giant cockroaches
  16 goblins
  3 hobgoblins
  4 jackals
  6 quokkas
  7 bats
  3 frilled lizards
  32 kobolds
  2 rats (D:3)
  A fungus (Lair:2)
532 creatures vanquished.

Vanquished Creatures (collateral kills)
  2 hydras
  A centaur warrior (D:14)
  A two-headed ogre (D:12)
  An ice beast (D:12)
  A black bear (D:12)
  2 centaurs
  An orc priest (D:12)
  A hound (D:12)
  A jelly (D:12)
  An iguana (D:12)
  An adder (D:12)
  An orc (D:12)
14 creatures vanquished.

Vanquished Creatures (others)
  A wolf spider (Spider:4)
  A tarantella (Spider:4)
  17 fungi
  16 plants
35 creatures vanquished.

Grand Total: 581 creatures vanquished

Notes
Turn   | Place    | Note
-------+----------+-------------------------------------------
     0 | D:1      | Flugslaktarn the Deep Dwarf Fighter began the quest for the
                  | Orb.
     0 | D:1      | Reached XP level 1. HP: 20/20 MP: 1/1
   165 | D:2      | Reached XP level 2. HP: 12/27 MP: 2/2
   172 | D:2      | Noticed Robin
   187 | D:2      | Killed Robin
   187 | D:2      | Reached skill level 3 in Axes
   187 | D:2      | Reached XP level 3. HP: 12/34 MP: 3/3
   359 | D:2      | Found a faded altar of an unknown god.
   390 | D:2      | Noticed Sigmund
   418 | D:2      | Killed Sigmund
   418 | D:2      | Reached skill level 4 in Axes
   418 | D:2      | Reached XP level 4. HP: 40/42 MP: 3/3
   418 | D:2      | Reached XP level 5. HP: 47/49 MP: 4/4
   786 | D:3      | Found a white marble altar of Elyvilon.
   878 | D:3      | Found a shimmering altar of Xom.
   978 | D:4      | Noticed Edmund
   984 | D:4      | Reached XP level 6. HP: 47/56 MP: 5/5
  1001 | D:4      | Killed Edmund
  1001 | D:4      | Reached skill level 5 in Axes
  1028 | D:4      | Found a shadowy altar of Dithmenos.
  1090 | D:4      | Reached XP level 7. HP: 33/64 MP: 6/6
  1099 | D:4      | Found an opulent altar of Gozag.
  1292 | D:4      | Reached skill level 5 in Armour
  1292 | D:4      | Reached skill level 5 in Shields
  1322 | D:4      | Found a glowing silver altar of Zin.
  1535 | D:5      | Entered Level 5 of the Dungeon
  1563 | D:5      | Reached skill level 6 in Axes
  1778 | D:5      | Noticed Pikel
  1829 | D:5      | Killed Pikel
  1829 | D:5      | Reached skill level 7 in Axes
  1829 | D:5      | Reached XP level 8. HP: 52/73 MP: 7/7
  1970 | D:5      | Reached skill level 5 in Fighting
  2128 | D:5      | Found a snail-covered altar of Cheibriados.
  2228 | D:6      | Reached skill level 8 in Axes
  2245 | D:6      | Found a radiant altar of Vehumet.
  2563 | D:6      | Found a glowing drain.
  2586 | Sewer    | Entered a sewer
  2592 | Sewer    | Gained mutation: You passively map the area around you.
                  | [Deep Dwarf growth]
  2592 | Sewer    | Reached XP level 9. HP: 77/81 MP: 8/8
  2642 | Sewer    | Noticed Purgy
  2657 | Sewer    | Killed Purgy
  3129 | D:7      | Reached skill level 9 in Axes
  3354 | D:7      | Found a staircase to the Ecumenical Temple.
  3363 | Temple   | Entered the Ecumenical Temple
  3579 | Temple   | Became a worshipper of Makhleb the Destroyer
  3654 | D:7      | Reached skill level 1 in Invocations
  3697 | D:7      | Found a shimmering altar of Xom.
  4145 | D:8      | Reached skill level 10 in Axes
  4154 | D:8      | Reached XP level 10. HP: 54/92 MP: 10/10
  4315 | D:8      | Noticed Psyche
  4322 | D:8      | Killed Psyche
  4357 | D:8      | Reached * piety under Makhleb
  4967 | D:9      | Reached skill level 11 in Axes
  4974 | D:9      | Found Rerumon's Antique Weapon Shop.
  5117 | D:9      | Reached skill level 5 in Invocations
  5145 | D:9      | Found an ancient bone altar of Kikubaaqudgha.
  5305 | D:9      | Reached ** piety under Makhleb
  5787 | D:10     | Entered Level 10 of the Dungeon
  5892 | D:10     | Noticed a skeletal warrior
  5892 | D:10     | Noticed a cyclops
  5892 | D:10     | Noticed a manticore
  5902 | D:10     | Killed a manticore
  5909 | D:10     | Killed a skeletal warrior
  5909 | D:10     | Reached XP level 11. HP: 70/100 MP: 9/9
  5935 | D:10     | Noticed a wolf spider
  5935 | D:10     | Noticed a yaktaur captain
  5958 | D:10     | Killed a wolf spider
  5974 | D:10     | Killed a yaktaur captain
  6217 | D:10     | Reached skill level 12 in Axes
  6463 | D:10     | Found a staircase to the Lair.
  6513 | D:10     | Reached *** piety under Makhleb
  7039 | D:10     | Killed an unseen horror
  7279 | D:10     | Noticed a frost giant
  7294 | D:10     | Killed a frost giant
  7294 | D:10     | Reached XP level 12. HP: 39/111 MP: 7/7
  7444 | D:11     | Found a staircase to the Orcish Mines.
  7643 | D:11     | You fall into a shaft and drop 2 floors!
  7793 | D:13     | Reached skill level 13 in Axes
  8067 | D:13     | Reached skill level 10 in Armour
  8067 | D:13     | Reached skill level 10 in Shields
  8086 | D:13     | Reached **** piety under Makhleb
  8166 | D:13     | Found a gate to the Vaults.
  8166 | D:13     | Noticed an ironheart preserver
  8209 | D:13     | Killed an ironheart preserver
  8651 | D:13     | You fall into a shaft and drop 2 floors!
  8651 | D:15     | Entered Level 15 of the Dungeon
  8651 | D:15     | Noticed an ogre mage
  8651 | D:15     | Noticed a two-headed ogre
  8651 | D:15     | Noticed a two-headed ogre
  8664 | D:15     | Noticed a seven-headed hydra
  8675 | D:15     | Killed a two-headed ogre
  8675 | D:15     | Killed an ogre mage
  8675 | D:15     | Killed a nine-headed hydra
  8675 | D:15     | Killed a two-headed ogre
  9007 | D:14     | Reached skill level 14 in Axes
  9072 | D:14     | Noticed a seven-headed hydra
  9088 | D:14     | Killed a seven-headed hydra
  9093 | D:14     | Noticed a centaur warrior
  9098 | D:14     | Killed a centaur warrior
  9149 | D:14     | Noticed a centaur warrior
  9163 | D:14     | Killed a centaur warrior
  9170 | D:14     | Reached XP level 13. HP: 50/121 MP: 5/5
  9293 | D:14     | HP: 4/121 [cyan ugly thing (15)]
  9587 | D:12     | Reached skill level 10 in Invocations
  9845 | D:12     | Found Jysiu's Weapon Shoppe.
  9899 | D:12     | Found Pupn's Book Emporium.
 10224 | D:11     | Reached ***** piety under Makhleb
 11315 | D:14     | Reached skill level 15 in Axes
 11685 | D:14     | Found a glowing golden altar of the Shining One.
 12069 | D:15     | Reached skill level 10 in Fighting
 12069 | D:15     | Gained mutation: You resist negative energy. (rN+) [Deep
                  | Dwarf growth]
 12069 | D:15     | Reached XP level 14. HP: 66/132 MP: 5/5
 12079 | D:15     | Found a stormy altar of Qazlal.
 12091 | D:15     | Paralysed by a hornet for 2 turns
 12214 | D:15     | Found a staircase to the Depths.
 12399 | Lair:1   | Entered Level 1 of the Lair of Beasts
 12409 | Lair:1   | Found a sacrificial altar of Ru.
 12664 | Lair:2   | Reached ****** piety under Makhleb
 12882 | Lair:2   | Found a transporter.
 12886 | Lair:2   | Found a transporter.
 12888 | Lair:2   | Noticed Tahy's ghost (journeyman FoEE)
 12952 | Lair:2   | Gained mutation: You are partially covered in thin metallic
                  | scales. (AC +2) [potion of mutation]
 12952 | Lair:2   | Gained mutation: Your body sometimes deteriorates upon
                  | taking damage. [potion of mutation]
 12952 | Lair:2   | Gained mutation: You are resistant to hostile enchantments.
                  | (MR+) [potion of mutation]
 12952 | Lair:2   | Gained mutation: You have supernaturally acute eyesight.
                  | (SInv) [potion of mutation]
 13390 | Lair:3   | Found a hole to the Spider Nest.
 13454 | Spider:1 | Entered Level 1 of the Spider Nest
 13482 | Spider:1 | Reached skill level 16 in Axes
 13549 | Spider:2 | Noticed an entropy weaver
 13566 | Spider:2 | Killed an entropy weaver
 13672 | Spider:4 | Entered Level 4 of the Spider Nest
 13892 | Spider:4 | Noticed an entropy weaver
 13932 | Spider:3 | Noticed an emperor scorpion
 13974 | Spider:4 | HP: 3/133 [torpor snail (11)]
 13975 | Spider:4 | Slain by a demonic crawler

Levels and vault maps discovered:
D:1:      lightli_arrival_flooded_house, layout_basic,
          chequers_decorated_corner, corexii_item_surrounded_by_moat
D:2:      layout_basic, chequers_ecumenical_altar_simple_redux,
          minmay_strange_pillars, chequers_arboretum,
          kennysheep_generic_room_16, uniq_robin, uniq_sigmund
D:3:      layout_basic, elyvilon_altar_5, first_ration,
          brannock_xom_greatest_gift
D:4:      layout_basic, grunt_dithmenos_shadows, nicolae_gozag_seed_capital,
          zin_treasury, uniq_edmund
D:5:      layout_rooms, nicolae_overflow_hidden_temple, uniq_pikel
D:6:      layout_basic, vehumet_altar_wand_db, portal_sewer_entry_d
D:7:      statuecave_lemuel, layout_loops_ring, marbit_many_paths,
          minmay_temple_entry_junction, minmay_misc_feat_diagonals
D:8:      layout_loops_ring, uniq_psyche
D:9:      layout_grid_maze, lemuel_doored_altar, serial_shops,
          nicolae_shop_behind_doors
D:10:     minmay_sliced_demisemicircle, layout_loops_corners,
          grunt_lair_entry_orc_guard_hut, special_room [special_room_bee]
D:11:     layout_basic, orc_0_dummy
D:12:     layout_basic, serial_shops, kennysheep_mini, shop
D:13:     layout_loops_corners, skrybe_vaults_entry_preservation, serial_glass,
          glass_columns_a, glass_columns_a, hangedman_stone_soup
D:14:     layout_loops_cross, tso_altar
D:15:     grunt_enter_depths_snipers, layout_rooms, minmay_stone_trees_small,
          serial_bayou_pond_a, palyth_stone_intersect, grunt_qazlal_clouds
Temple:   minmay_temple_curvy_branch
Lair:1:   layout_loops_ring, basic_altar, fungi_pond_lemuel, minivault_19,
          patterned_corridor
Lair:2:   layout_chaotic_city, gammafunk_ghost_hive
Lair:3:   layout_cave_shapes, spider_nest_entry_a,
          grunt_forest_large_clearing_hut, infiniplex_staircase_pool
Spider:1: layout_spider_delve, spiders_nest_hornet_nest
Spider:2: nicolae_spider_hall_of_the_moth_king, ebering_ghost_rock_garden,
          minmay_another_anthill
Spider:3: layout_spider_delve, ebering_ghost_inner_flame,
          guppyfry_spider_mini_3, uniq_aizul, uniq_donald, uniq_bai_suzhen
Spider:4: grunt_spider_rune_circles, uniq_arachne

Skill      XL: |  1  2  3  4  5  6  7  8  9 10 11 12 13 14 |
---------------+-------------------------------------------+-----
Fighting       | 3 4 5 6 7 8 9 10 | 10.6
Axes           | 3 4 5 7 8 10 11 12 14 15 16 | 16.5
Armour         | 4 6 7 8 9 10 11 12 | 12.4
Shields        | 4 6 7 8 9 10 11 12 | 12.4
Invocations    | 3 5 7 9 11 12 | 12.2

Action                   |  1- 3 |  4- 6 |  7- 9 | 10-12 | 13-15 || total
-------------------------+-------+-------+-------+-------+-------++-------
Melee: War axe           |    57 |   133 |   558 |   771 |       ||  1519
       Broad axe         |       |       |       |   117 |  1008 ||  1125
Invok: Lesser Servant of |       |       |       |     3 |     4 ||     7
 Abil: Heal Wounds       |     4 |       |    17 |    55 |    21 ||    97
  Use: Scroll            |       |     3 |     8 |    16 |     9 ||    36
       Potion            |       |       |       |     4 |    13 ||    17
 Stab: Invisible         |       |       |       |     8 |       ||     8
       Distracted        |       |       |       |       |     1 ||     1
  Eat: Chunk             |       |     1 |    11 |    13 |    14 ||    39
       Ration            |       |       |       |     3 |       ||     3
Armor: Scale mail        |    37 |    29 |       |       |       ||    66
       Plate armour      |       |    60 |   382 |   506 |   695 ||  1643
Dodge: Dodged            |    25 |    40 |   114 |   203 |   243 ||   625
Block: Kite shield       |    34 |   105 |   344 |   593 |   678 ||  1754

Table legend:
 A = Non-vault XP
 B = Vault XP
 C = Vault XP percentage of total XP
 D = Non-vault monster count
 E = Vault monster count
 F = Vault count percentage of total count
                 A         B        C        D         E       F
            +---------+---------+-------+---------+---------+-------
      Total |   76848 |   17454 |  18.5 |     458 |      84 |  15.5
            +---------+---------+-------+---------+---------+-------
        D:1 |      10 |       0 |   0.0 |       6 |       0 |   0.0
        D:2 |      20 |     246 |  92.5 |      10 |      16 |  61.5
        D:3 |      48 |       0 |   0.0 |      17 |       0 |   0.0
        D:4 |     210 |     295 |  58.4 |      13 |       2 |  13.3
        D:5 |     642 |     651 |  50.3 |      33 |       1 |   2.9
        D:6 |     967 |      14 |   1.4 |      26 |       2 |   7.1
        D:7 |    1112 |     235 |  17.4 |      20 |       1 |   4.8
        D:8 |    2378 |     418 |  14.9 |      27 |       1 |   3.6
        D:9 |    2269 |       0 |   0.0 |      25 |       0 |   0.0
       D:10 |    4372 |    7873 |  64.3 |      30 |      36 |  54.5
       D:11 |    1626 |       0 |   0.0 |      25 |       0 |   0.0
       D:12 |    6133 |       0 |   0.0 |      45 |       0 |   0.0
       D:13 |    1825 |    3951 |  68.4 |      21 |      12 |  36.4
       D:14 |   19431 |       0 |   0.0 |      50 |       0 |   0.0
       D:15 |   11226 |    2575 |  18.7 |      21 |       3 |  12.5
     Lair:1 |     269 |       0 |   0.0 |       2 |       0 |   0.0
     Lair:2 |    6753 |       0 |   0.0 |      38 |       0 |   0.0
     Lair:3 |    1259 |    1061 |  45.7 |       4 |       4 |  50.0
   Spider:1 |     515 |       0 |   0.0 |       2 |       0 |   0.0
   Spider:2 |    2414 |       0 |   0.0 |       6 |       0 |   0.0
   Spider:3 |    2399 |       0 |   0.0 |       6 |       0 |   0.0
   Spider:4 |   10970 |       0 |   0.0 |      31 |       0 |   0.0
      Sewer |       0 |     135 | 100.0 |       0 |       6 | 100.0
            +---------+---------+-------+---------+---------+-------
